[Event "Czech Open-GM 2022"]
[Site "Pardubice"]
[Date "2022.07.23"]
[Round "2.15"]
[White "Moksh Amit Doshi"]
[Black "Klimakovs, Sergejs"]
[Result "1-0"]
[ECO "D45"]
[WhiteElo "2409"]
[BlackElo "2266"]
[Annotator "TA"]
[PlyCount "81"]
[EventDate "2022.07.22"]
[EventType "swiss"]
[EventCountry "CZE"]
[SourceTitle "playchess.com"]
[Source "ChessBase"]
[SourceQuality "1"]
[TimeControl "40/5400+30:1800+30"]

1. d4 d5 2. c4 c6 3. Nf3 Nf6 4. e3 e6 5. Nc3 Nbd7 6. Be2 dxc4 7. a4 $1 {[%emt 0:00:12][%mdl 4] is now more promising than 7.Bxc4.} Bb4 8. Bxc4 {[%emt 0:03:35] D45: Semi-Slav: 5 e3.} Ne4 {[%emt 0:13:05] [#]} (8... b6 $11) 9. Qb3 $146 ({Predecessor:} 9. Qc2 Ndf6 10. O-O Bxc3 11. bxc3 Qa5 12. Bb2 Qh5 13. Bd3 Nd6 14. e4 Nd7 15. Ba3 c5 {½-½ (27) Zivcic,O (1751)-Matosin,J (1587) Hvar 2019}) 9... Qa5 (9... Qb6 $14 {is more appropriate.}) 10. O-O $16 {[%emt 0:00:25] White is better.} Ndf6 11. Bd3 Nxc3 12. bxc3 Be7 13. e4 h6 14. e5 Nd7 15. Re1 Qb6 16. Qd1 c5 17. Rb1 (17. Ba3 $18) 17... Qc7 18. Qe2 (18. Nd2 $142) 18... cxd4 19. cxd4 {[%emt 0:00:08][%cal Od4d5] Hoping for d5!} Nb6 20. Bd2 Nd5 21. a5 Bd7 (21... Qd8 $16) 22. Rec1 $18 Qb8 23. Bb5 (23. Bc4 $142) 23... Qd8 $16 24. Bc4 {[%emt 0:02:43] Bxd5 is the strong threat.} Bc6 25. a6 b6 26. Bd3 $36 {[%emt 0:00:05][%mdl 2048] White is really pushing.} Bd7 27. Qe4 Ba3 28. Qg4 (28. Rc2 $14) 28... Kf8 (28... Bxc1 $11 {feels stronger.} 29. Qxg7 Bxd2 30. Qxh8+ Ke7 31. Qxd8+ Rxd8 32. Nxd2 Rc8) 29. Re1 Rc8 30. h4 Bc6 31. h5 {[%emt 0:02:59] White is much more active.} Ba8 $2 {[%emt 0:01:41] [#] Loses the game.} ({Better is} 31... Be8 $14) 32. Nh4 $1 $18 Be7 $2 {[%emt 0:00:17] [#]} (32... Kg8 {might work better.} 33. Ng6 Rc7) 33. Ng6+ $1 fxg6 34. Bxg6 Bg5 $2 {[%emt 0:01:18] [#]} (34... Qd7) 35. Qxe6 $1 Rc7 {[%emt 0:00:43] [#] Inhibits Qf7+.} (35... Qe8 36. Qf5+) 36. Rbc1 $1 Qe7 (36... Qd7 37. Qxd7) 37. Qf5+ Kg8 38. Bxg5 {[%emt 0:00:21] White mates.} hxg5 39. Rxc7 Nxc7 40. Qc8+ {[%emt 0:00:06][%mdl 64] Skewer} Qf8 41. Qxc7 {[%emt 0:30:09] Weighted Error Value: White=0.09 (flawless) /Black=0.44} 1-0

[Event "Czech Open-GM 2022"]
[Site "Pardubice"]
[Date "2022.07.23"]
[Round "2.16"]
[White "Crevatin, Leo"]
[Black "Hollan, Martin"]
[Result "1-0"]
[ECO "E20"]
[WhiteElo "2259"]
[BlackElo "2399"]
[Annotator "TA"]
[PlyCount "109"]
[EventDate "2022.07.22"]
[EventType "swiss"]
[EventCountry "CZE"]
[SourceTitle "playchess.com"]
[Source "ChessBase"]
[SourceQuality "1"]
[TimeControl "40/5400+30:1800+30"]

1. d4 Nf6 2. c4 e6 3. Nc3 Bb4 4. f3 O-O 5. a3 Bxc3+ 6. bxc3 Nh5 {E27: Nimzo-Indian: Sämisch: 5...0-0 6 f3.} 7. Nh3 f5 8. e4 fxe4 {The position is equal.} 9. Bg5 Qe8 10. fxe4 {e5 is the strong threat.} e5 11. Be2 Nf6 12. O-O d6 $1 13. Bxf6 gxf6 14. Bh5 Qe7 15. Nf2 Nc6 16. Ng4 Bxg4 17. Qxg4+ {[#]} Qg7 $146 ({Predecessor:} 17... Kh8 18. Rad1 Na5 19. Qh3 Nxc4 20. Bg6 Qg7 21. Bf5 Qe7 22. Rf3 Rad8 23. Bg6 Rd7 {1-0 (57) Antonov,V (2362)-Runting,T (2350) ICCF email 2017}) 18. Qe6+ Kh8 19. d5 Na5 20. Rf3 Nb3 21. Re1 Nc5 22. Qh3 Rg8 23. Rg3 Qh6 24. Rxg8+ Rxg8 25. Qf3 f5 26. exf5 e4 ({Better is} 26... Rg5 $1 $17 27. Bf7 Qh4) 27. Qd1 $11 (27. Qe2 $2 Nd3 28. Rb1 Nf4 29. Qxe4 Nxh5 30. Qd4+ Nf6 $19) 27... Rg5 28. Bg4 Qg7 29. f6 Qxf6 30. Rf1 (30. Qd4 $11 Qg7 31. Rf1) 30... Qxc3 $15 31. Be6 Qe3+ (31... Nxe6 32. dxe6 Qe5 33. Rf8+ Kg7 34. Rf7+ Kg6 35. h4 Qxe6 36. Rxc7 $11) (31... Qd3 $1 $15) 32. Kh1 $11 Nd3 $1 (32... Nxe6 $2 33. dxe6 Re5 34. Qg4 $18) 33. h4 ({Don't play} 33. Rf8+ Kg7 34. Qf1 Qe1 35. Rf7+ Kh6 36. Qxe1 Nxe1 $15) 33... Rg6 $40 {[%mdl 128] Threatens to win with ...Nf2+. Black is up to no good.} 34. Qh5 $2 (34. h5 $11 Qh6 35. Qa4 Rxe6 36. dxe6 Qxh5+ 37. Kg1 Qc5+ 38. Kh2 Qh5+ 39. Kg1 Qc5+ 40. Kh2 Qh5+ 41. Kg1) 34... Nf2+ $19 35. Kg1 Ng4+ 36. Kh1 {Rf8+ would kill now.} Nf6 $1 37. Qd1 Qg3 ({Weaker is} 37... Qxa3 38. h5 Rh6 39. Qd4 $17) 38. Bh3 (38. Qd2 Qxh4+ 39. Kg1) 38... Qxh4 {And now ...e3 would win.} 39. c5 Kg7 ({Don't blunder} 39... dxc5 $2 40. d6 cxd6 41. Qxd6 $19) 40. cxd6 cxd6 {Strongly threatening ...e3.} 41. Qa4 (41. Qd4 $142) 41... Qg3 $2 (41... Nh5 $19 {is more deadly. White must now prevent ...Ng3+.} 42. Qd7+ Kh6) 42. Qxa7 $17 e3 ({Black should try} 42... Kh6 $17 {Hoping for ...Ng4.} 43. Qa8 Nh5 44. Qf8+ Rg7) 43. Qxb7+ $11 Kh6 44. Qe7 Nxd5 45. Qf8+ Rg7 46. Qe8 $2 {[#]} (46. Bg4 $1 $11 {and White stays safe.}) 46... Nf4 $2 ({Black should play} 46... Qg5 $1 $19 {[%cal Rg5e7] aiming for ...Qe7.} 47. Kg1 Qe7 48. Qxe7 Rxe7) 47. Rf3 {The board is on fire.} Qe1+ 48. Kh2 Qh4 {( -> ...Rxg2+)} 49. Qxe3 Rxg2+ $1 50. Kh1 Rg4 51. Qd2 d5 $2 {[%mdl 8192] [#]} (51... Rg3 $11 {and Black has nothing to worry.} 52. Qxd6+ Kh5 53. Qe5+ Kh6 54. Qd6+ Kh5 55. Qe5+ Kh6 56. Qd6+) 52. Qh2 $1 $18 Qe1+ $2 (52... Rg6 53. Rxf4 Qg3) 53. Rf1 {White is clearly winning.} Rh4 54. Rxe1 {White threatens Re3 and mate.} Rxh3 {[#]} 55. a4 $1 {Never resign too early!  Weighted Error Value: White=0.28 (precise) /Black=0.37} 1-0

[Event "Czech Open-GM 2022"]
[Site "Pardubice"]
[Date "2022.07.23"]
[Round "2.17"]
[White "Tahay, Alexis"]
[Black "Luberanski, Jakub"]
[Result "1/2-1/2"]
[ECO "B10"]
[WhiteElo "2393"]
[BlackElo "2241"]
[Annotator "TA"]
[PlyCount "130"]
[EventDate "2022.07.22"]
[EventType "swiss"]
[EventCountry "CZE"]
[SourceTitle "playchess.com"]
[Source "ChessBase"]
[SourceQuality "1"]
[TimeControl "40/5400+30:1800+30"]

1. e4 c6 2. Nf3 d5 3. d3 dxe4 4. dxe4 Qxd1+ 5. Kxd1 Nf6 6. Nbd2 {B10: Caro-Kann: 2 d3 and 2 c4.} Nbd7 7. Ne1 Nc5 8. f3 Nfd7 9. a4 a5 10. Nc4 e5 11. Be3 f6 12. Nd3 Kd8 {[#]} 13. Nb6 $1 Nxb6 14. Nxc5 Bxc5 15. Bxc5 Kc7 16. c3 {[#]} Be6 $146 ({Predecessor:} 16... Rd8+ 17. Kc2 Nd7 18. Be7 Re8 19. Ba3 b6 20. Bc4 Nc5 21. Bxc5 bxc5 22. Rad1 Be6 23. Bxe6 Rxe6 {½-½ (43) Janik,I (2500)-Chomczyk,M (2194) Warsaw 2021}) 17. Kc2 Nc8 18. Be2 b6 19. Bf2 Nd6 20. Rhd1 Rhd8 21. g4 (21. b3 {with more complications.} Nb7 22. Be3 Nc5 23. Rxd8 Rxd8 24. b4) 21... Nb7 22. Rxd8 Rxd8 23. b4 Ra8 24. g5 fxg5 25. Bg3 Kd6 26. b5 cxb5 27. Bxb5 Nc5 28. Kb2 (28. c4 $11 {was preferrable.}) 28... Rf8 $1 $15 29. Rd1+ Ke7 30. Bxe5 Rxf3 31. Rd2 {Inhibits Rf2.} Nxe4 32. Re2 Nd6 33. Bxg7 (33. Bd4 $142) 33... Nxb5 $17 34. axb5 {[%mdl 4096] Endgame KRB-KRB} Rf5 $1 35. Be5 Bc4 36. Re3 Kd7 ({Weaker is} 36... Bxb5 37. Bd4+ Kd6 38. Rh3 $17) 37. Re4 Bxb5 38. Bg3 Bc6 39. Re2 h5 40. c4 h4 41. Bf2 Bf3 42. Re1 {[#]} Bd5 $1 43. Bxb6 Bxc4 44. Kc3 Be6 45. Ra1 Rf3+ 46. Kd4 (46. Kd2 $17) 46... a4 $1 $19 {And now ...a3 would win.} 47. Ke5 $2 (47. Ke4 {was forced.} Rf4+ 48. Ke5) 47... Bb3 48. Rg1 (48. Bd4 $142) 48... Rh3 49. Rg2 g4 50. Bd4 Be6 (50... a3 $142 51. Rxg4 Rxh2 52. Rg7+ Kc8) 51. Rd2 Bc4 52. Kf4 Be6 53. Ke5 $1 Ke7 {Strongly threatening ...a3.} 54. Kf4 $2 (54. Bc5+ $17 Kf7 55. Rf2+ Rf3 56. Rxf3+ gxf3 57. Bd4) 54... a3 55. Kg5 a2 {Hoping for ...g3.} 56. Kg6 Rf3 {White must now prevent ...g3.} 57. Kg5 Rf5+ 58. Kg6 Rd5 59. Bf6+ Kd7 $2 ({Black should play} 59... Kf8 $1 $19 {( -> ...Bf7+)} 60. Bg7+ Kg8 61. Rxa2 Bf7+ 62. Kf6 Rd6+ 63. Kf5 Bxa2 64. Be5 Rd5 65. Ke4 {[#]} Rxe5+ $1 66. Kf4 g3 $1 67. hxg3 h3 $1 68. Kxe5 h2 69. g4 h1=Q 70. Kd4 Qd5+ 71. Kc3 Kf7 72. Kb4 Qc4+ 73. Ka5 Qb3 74. g5 Qb7 75. g6+ Kg7 76. Ka4 Qb6 77. Ka3 Qb3#) 60. Rxa2 $11 h3 {[%cal Og4g3] ...g3! is the strong threat.} 61. Ra7+ Kc8 {[%cal Og4g3] Threatens to win with ...g3!} 62. Bh4 Rd3 63. Kf6 Bd5 64. Kg5 Be6 65. Bg3 Rd7 {Whites escaped into a draw.  Weighted Error Value: White=0.56/Black=0.12 (very precise)} 1/2-1/2

[Event "Czech Open-GM 2022"]
[Site "Pardubice"]
[Date "2022.07.23"]
[Round "2.18"]
[White "Mullick, Raahil"]
[Black "Finek, Vaclav"]
[Result "1-0"]
[ECO "B35"]
[WhiteElo "2237"]
[BlackElo "2393"]
[Annotator "TA"]
[PlyCount "145"]
[EventDate "2022.07.22"]
[EventType "swiss"]
[EventCountry "CZE"]
[SourceTitle "playchess.com"]
[Source "ChessBase"]
[SourceQuality "1"]
[TimeControl "40/5400+30:1800+30"]

1. e4 c5 2. Nf3 g6 3. d4 cxd4 4. Nxd4 Bg7 5. Nc3 Nc6 6. Be3 Nf6 7. Bc4 Qa5 8. O-O O-O 9. Bb3 d6 10. h3 Bd7 11. Re1 Rfc8 {[%emt 0:00:15] B35: Sicilian: Accelerated Dragon with 5 Nc3: main line.} 12. f4 Nxd4 13. Bxd4 Bc6 {[%emt 0:00:33] [#] White has an edge.} 14. Qd2 $146 ({Predecessor:} 14. Nd5 Re8 15. c3 Nd7 16. f5 Bxd4+ 17. Qxd4 Rac8 18. Kh1 Bxd5 19. Bxd5 Qb6 20. Qxb6 Nxb6 21. Bxb7 {½-½ (31) Lounek,J (2527)-Schlenther,M (2527) LSS email 2020}) 14... b5 15. Rad1 b4 16. Nd5 (16. e5 {looks sharper.} dxe5 17. fxe5 bxc3 18. Bxc3 Qb6+ 19. Bd4) 16... Bxd5 17. exd5 Rc7 18. Re2 Qb5 19. Rde1 a5 20. a4 (20. Rxe7 $2 Rxe7 21. Rxe7 a4 $19) 20... bxa3 21. bxa3 a4 22. Ba2 Nh5 23. Rxe7 (23. Kh2 $11) 23... Bxd4+ $15 24. Qxd4 Rxc2 ({But not} 24... Rxe7 25. Rxe7 Qa5 26. g4 $16) 25. Bb1 Rc4 26. Bd3 Rxd4 27. Bxb5 Nf6 28. Bc6 Rb8 29. f5 Rb2 {[%emt 0:04:50] Threatens to win with ...Rdd2.} (29... Nxd5 $6 30. Ra7 $11) 30. R1e2 Rxe2 31. Rxe2 $17 {[%emt 0:00:05][%mdl 4096] Endgame KRB-KRN} Ne4 ({Of course not} 31... Nxd5 $6 32. fxg6 hxg6 33. Bxd5 Rxd5 34. Re4 $15) 32. fxg6 hxg6 33. Rb2 Kg7 34. Rb7 {[%emt 0:01:36] [#]} ({Better is} 34. Rb8 $15) 34... Nc5 $1 35. Ra7 Re4 ({Black should try} 35... Rd3 $17 36. Be8 Rxa3 37. Rxf7+ Kh6) 36. Kf2 $15 Kf6 37. Kf3 g5 38. g3 Rc4 39. Be8 $1 Rc3+ 40. Kg4 Rxa3 41. Rxf7+ Ke5 {[%emt 0:30:09] And now ...Ne4 would win.} 42. h4 Ne4 43. Re7+ $1 Kd4 44. hxg5 Re3 {[%emt 0:00:00] ...Nf2+ is the strong threat.} (44... Kxd5 $2 {[#]} 45. Rxe4 $1 Kxe4 46. g6 $18) 45. Kf4 a3 {[%emt 0:00:00] White must now prevent ...a2.} 46. g6 (46. Ra7 $11 Nc3 47. Bc6) 46... a2 (46... Re1 $1 $15 47. Ra7 Rf1+ 48. Kg4 Nf6+ 49. Kg5 Nxe8 50. Rxa3 Kxd5) 47. Ra7 $11 Nc3 {[%emt 0:00:00] Inhibits Ra4+.} 48. Bf7 Re7 $2 {[%emt 0:04:22][%mdl 8192] A mistake that costs the game.} 49. Ra5 $18 Kc4 50. Kg4 {[%emt 0:00:00] Strongly threatening g7.} Kb3 51. g7 Re4+ 52. Kf5 Ra4 (52... Na4 $142 53. Kxe4 a1=Q) 53. Rxa4 Nxa4 54. g8=Q {[%emt 0:00:06] Threatening mate with Qh8.} a1=Q {[%emt 0:00:10] Against Qh8. KQB-KQN} 55. Qb8+ Kc4 56. Qxd6 Qb1+ 57. Kg5 {[%emt 0:00:51] Qc6+ would kill now.} Nc5 {[%emt 0:01:47] aiming for ...Ne4+.} 58. Qf4+ Kc3 59. Qe5+ Kc4 60. d6+ Kb5 61. Be8+ (61. d7 $142 Qc1+ 62. Kg6 Qc2+ 63. Kg7 Qd2 64. Qb8+ Kc6 65. Qc8+ Kb5 66. d8=Q) 61... Kb6 62. d7 Qc1+ 63. Kg6 Qc2+ 64. Kg7 (64. Kf6 $142 Nb7 65. Qd4+ Ka6 66. g4) 64... Qd3 65. Qf6+ Kc7 66. Qf4+ {[%emt 0:00:03] White mates.} Kb7 67. Qb4+ Ka8 68. Qxc5 Qxg3+ 69. Bg6 Qc7 70. Qe7 Qc3+ 71. Kg8 Qb3+ 72. Qf7 Qb6 73. Be4+ {[%emt 0:00:12] Weighted Error Value: White=0.21 (precise) /Black=0.44} 1-0

[Event "Czech Open-GM 2022"]
[Site "Pardubice"]
[Date "2022.07.23"]
[Round "2.19"]
[White "Aradhya, Garg"]
[Black "Klabis, Rokas"]
[Result "0-1"]
[ECO "C47"]
[WhiteElo "2229"]
[BlackElo "2382"]
[Annotator "TA"]
[PlyCount "116"]
[EventDate "2022.07.22"]
[EventType "swiss"]
[EventCountry "CZE"]
[SourceTitle "playchess.com"]
[Source "ChessBase"]
[SourceQuality "1"]
[TimeControl "40/5400+30:1800+30"]

1. e4 e5 2. Nf3 Nc6 3. Nc3 Nf6 4. d4 exd4 5. Nxd4 Bb4 6. Nxc6 bxc6 7. Bd3 d5 8. exd5 O-O 9. O-O cxd5 10. Bg5 c6 11. Qf3 h6 12. Bxf6 Qxf6 13. Qxf6 gxf6 14. Ne2 Bg4 {[%emt 0:12:38] [#] 14...Rb8 gains popularity. C47: Scotch Four Knights and Four Knights with 4 g3.} 15. Nd4 $146 ({Predecessor:} 15. h3 Bxe2 16. Bxe2 Rfe8 17. Bf3 Re5 18. Rfd1 Rae8 19. Rac1 Re1+ 20. Rxe1 Rxe1+ 21. Rxe1 Bxe1 22. Kf1 Ba5 23. Ke2 f5 24. c4 dxc4 25. Bxc6 c3 26. bxc3 Bxc3 27. f4 Kg7 28. Bf3 {½-½ (28) Yandemirov,V (2399)-Nemkova,L (2105) Alushta 2011}) 15... Rfc8 16. c4 Bc5 {[%emt 0:17:28] A strong pair of Bishops. The position is equal.} 17. Nc2 a5 18. Ne3 Be6 19. Rac1 a4 20. Rc2 d4 21. Nf5 Bxf5 22. Bxf5 Rcb8 23. g3 Ra7 24. Re1 Bb4 25. Re4 Rd8 26. Rg4+ Kh8 27. Bd3 a3 28. b3 Re7 $1 29. Rf4 $2 (29. c5 $11 {and White has nothing to worry.}) 29... Kg7 $2 (29... Re1+ $19 30. Kg2 Rd1) 30. Rg4+ $11 Kh8 $2 (30... Kf8 $11) 31. Rf4 $19 {[%emt 0:00:02] White is on the road to losing.} Re1+ 32. Kg2 Rd1 33. Be2 d3 $1 34. Bxd1 dxc2 35. Bxc2 {[%emt 0:00:01][%mdl 4096] Endgame KRB-KRB} c5 $1 36. Rxf6 Rd2 37. Be4 ({Of course not} 37. Rxh6+ Kg7 38. Rh7+ Kg8 $19) ({Don't blunder} 37. Rxf7 $2 Rxc2 38. Ra7 Rxa2 $19) 37... Kg7 38. Rf4 Rxa2 39. Bd5 f6 40. Re4 (40. Rg4+ $142 Kf8 41. Rg6) 40... Rd2 41. Re7+ {[%emt 0:32:42] [#]} Kf8 $1 42. Ra7 a2 43. Kf3 Bc3 44. Ke3 Rb2 45. Ra8+ Ke7 {[%emt 0:00:31] And now ...Bd4+ would win.} 46. Ra7+ Kd8 {[%emt 0:00:45] ...Bd4+ is the strong threat.} 47. Ra8+ Kc7 {[%emt 0:00:12] aiming for ...Bd4+.} 48. b4 Bd4+ {[%emt 0:01:28][%mdl 64] Skewer, Deflection} 49. Kd3 Rxf2 50. Ra7+ Kd8 51. Ra8+ Ke7 52. Ra7+ Kf8 53. Ra8+ {[%emt 0:00:24] [#]} (53. bxc5 $142 a1=Q 54. Rxa1 Bxa1 55. h3) 53... Kg7 $1 54. Ra7+ Kg6 55. Bf7+ Kf5 56. Re7 a1=Q {[%emt 0:00:00][%csl Gd4][%cal Ra1c3] Black mates.} 57. Be6+ Kg6 58. Bf7+ Kg5 {[%emt 0:00:00] Weighted Error Value: White=0.51/Black=0.08 (flawless)} 0-1

[Event "Czech Open-GM 2022"]
[Site "Pardubice"]
[Date "2022.07.23"]
[Round "2.20"]
[White "Niedbala, Bartlomiej"]
[Black "Koziorowicz, Michal"]
[Result "1-0"]
[ECO "C18"]
[WhiteElo "2381"]
[BlackElo "2231"]
[Annotator "TA"]
[PlyCount "67"]
[EventDate "2022.07.22"]
[EventType "swiss"]
[EventCountry "CZE"]
[SourceTitle "playchess.com"]
[Source "ChessBase"]
[SourceQuality "1"]
[TimeControl "40/5400+30:1800+30"]

1. e4 e6 2. d4 d5 3. Nc3 Bb4 4. e5 c5 5. a3 Bxc3+ 6. bxc3 Ne7 7. Qg4 Qc7 8. Bd3 cxd4 9. Ne2 dxc3 10. Qxg7 Rg8 11. Qxh7 Qxe5 12. Bf4 Qf6 13. h4 $1 Nd7 {[%emt 0:01:26] [#] And now ...Rh8 would win. C18: French: 3 Nc3 Bb4: Main line: 7 h4 and 7 Qg4.} 14. Bg5 Qh8 15. Qxh8 Rxh8 {[%emt 0:00:07] White is slightly better.} 16. Nxc3 a6 {[%emt 0:00:13] Inhibits Nb5.} 17. Rb1 f6 18. Bd2 {[%emt 0:04:17] [#]} e5 $146 ({Predecessor:} 18... Kf7 19. f3 Nc6 20. Kf2 Nc5 21. g4 Bd7 22. h5 Ne5 23. Be3 Ncxd3+ 24. cxd3 b5 {½-½ (43) Resika,N (2203)-Macsik,T (2188) Paks 2001}) 19. f4 {[%emt 0:07:48] With the idea fxe5.} Nc5 20. fxe5 fxe5 21. Bg5 Be6 22. Bf6 {[%emt 0:06:37][%csl LRe5,LRh8] A strong pair of Bishops.} Rg8 23. O-O {[%emt 0:10:23] Threatens to win with h5.} Nc6 $1 24. h5 {[%emt 0:07:50] Strongly threatening h6. White is more active.} e4 $2 {[%emt 0:06:31] Black cannot hold the game after this.} ({Better is} 24... Nxd3 $14 25. cxd3 b5) 25. Be2 $18 {[%emt 0:03:25] aiming for h6.} Kd7 (25... d4 $142) 26. Rbd1 Bh3 $2 (26... Ne7 27. Bc4 Kd6 28. Bxe7+ Kxe7) 27. Rxd5+ Kc7 28. Bg5 Ne6 29. Rf7+ (29. gxh3 Nxg5 30. Kh2 Rae8 $16) 29... Kb8 30. Nxe4 ({Not} 30. gxh3 Nxg5 31. Rf1 Ka7 $16) 30... Ncd4 31. Bd1 Nxg5 32. Rxg5 Re8 33. Nd6 {[%emt 0:00:24][%csl Gd6][%cal Rf7b7] [#]} Re1+ 34. Kf2 {[%emt 0:00:04] Weighted Error Value: White=0.05 (flawless) /Black=0.85} 1-0

[Event "Czech Open-GM 2022"]
[Site "Pardubice"]
[Date "2022.07.23"]
[Round "2.21"]
[White "Gloser, David"]
[Black "Neuman, Petr"]
[Result "0-1"]
[ECO "B12"]
[WhiteElo "2221"]
[BlackElo "2378"]
[Annotator "TA"]
[PlyCount "58"]
[EventDate "2022.07.22"]
[EventType "swiss"]
[EventCountry "CZE"]
[SourceTitle "playchess.com"]
[Source "ChessBase"]
[SourceQuality "1"]
[TimeControl "40/5400+30:1800+30"]

1. e4 c6 2. d4 d5 3. e5 Bf5 4. c4 dxc4 5. Bxc4 e6 6. Nc3 Nd7 7. Nge2 Nb6 8. Bb3 Ne7 9. O-O Ned5 10. Ng3 Bg6 {[%emt 0:00:58] B12: Caro-Kann: Advance Variation.} 11. f4 Qd7 12. Qf3 O-O-O {[%emt 0:02:06] [#] White has an edge.} 13. Nge4 $146 ({Predecessor:} 13. f5 exf5 14. Nxf5 f6 15. Ne4 Qxf5 16. Qxf5+ Bxf5 17. Rxf5 Re8 18. Bd2 fxe5 19. Rxe5 Rxe5 20. dxe5 {0-1 (51) Glamuzina,J (1932)-Kurcubic,D (2065) Sombor 2019}) 13... Kb8 14. Bd2 (14. Nc5 $5 Qe8 15. Nxd5 Nxd5 16. Bd2 $11) 14... Be7 15. a4 Nc7 (15... Nb4 $5 ) 16. a5 Nbd5 (16... Qxd4+ $2 17. Be3 Qb4 18. axb6 axb6 19. Bc2 $18) 17. Na4 ({White should play} 17. Nxd5 $11 Nxd5 18. Ng3) 17... Bxe4 $15 18. Qxe4 f5 19. exf6 Nxf6 20. Qe2 Nb5 ({Black should try} 20... Qxd4+ $17 21. Be3 Qb4) 21. f5 $2 {[%emt 0:03:27] [#]} (21. Bc3 $11) 21... Nxd4 (21... Qxd4+ 22. Be3 Qb4 23. Bxe6 $15) 22. Qc4 (22. Bf4+ $17 Bd6 23. Qe3 Nxf5 24. Qxe6 Bxf4 25. Rxf4 Qxe6 26. Bxe6) 22... e5 ({Not} 22... exf5 23. Bf4+ Kc8 24. Rad1 $11) 23. Bd1 Nxf5 {[%emt 0:03:45] Threatens to win with ...Ng3. Pair of Knights!} 24. Qe2 Bd6 25. a6 (25. Kh1 $142) 25... b5 $19 26. Rxf5 $2 {[%emt 0:02:59] [#]} (26. Nc3) 26... Qxf5 {[%emt 0:00:45] Black is clearly winning.} 27. Be3 Nd5 28. Nc5 Nxe3 29. Qxe3 Qf4 {[%emt 0:00:28] Weighted Error Value: White=0.70/Black=0.24 (precise)} 0-1

[Event "Czech Open-GM 2022"]
[Site "Pardubice"]
[Date "2022.07.23"]
[Round "2.22"]
[White "Keller, Peter"]
[Black "Gombocz, Ferenc Jr."]
[Result "1-0"]
[ECO "C76"]
[WhiteElo "2377"]
[BlackElo "2229"]
[Annotator "TA"]
[PlyCount "55"]
[EventDate "2022.07.22"]
[EventType "swiss"]
[EventCountry "CZE"]
[SourceTitle "playchess.com"]
[Source "ChessBase"]
[SourceQuality "1"]
[TimeControl "40/5400+30:1800+30"]

1. e4 e5 2. Nf3 Nc6 3. Bb5 g6 4. c3 a6 5. Ba4 d6 6. d4 Bd7 7. O-O Bg7 8. h3 Nf6 {[%emt 0:00:23] C76: Ruy Lopez: Deferred Steinitz: 5 c3 Bd7 6 d4 g6.} 9. Re1 O-O 10. Bc2 h6 {[%emt 0:06:21] White is slightly better.} 11. Nbd2 Nh7 12. Nf1 {[%emt 0:03:47] [#]} f5 $146 (12... Re8 $14) ({Predecessor:} 12... Kh8 13. Ng3 exd4 14. cxd4 Ng5 15. Nxg5 hxg5 16. Be3 Qf6 17. e5 dxe5 18. Ne4 Qd8 19. dxe5 Nxe5 20. Bxg5 {1-0 (34) Onischuk,V (2427)-Lomsadze,D (2280) Batumi 2006}) 13. dxe5 dxe5 14. exf5 gxf5 15. Nxe5 Nxe5 16. Rxe5 Bc6 $2 {[%emt 0:21:18] [#]} (16... Bxe5 $16 17. Qd5+ Rf7 18. Qxe5 Qf6 19. Qxf6 (19. Qxc7 Ba4 $15) 19... Rxf6) 17. Qxd8 Raxd8 18. Re7 {[%emt 0:01:42] And now Ng3 would win.} f4 19. Bd2 (19. Rxc7 Rde8 $16) 19... Bb5 (19... Ng5 $16 20. f3 (20. Rxc7 Rde8 $16) 20... Rf6 21. Rxc7 Bf8) 20. Rd1 $18 {[%emt 0:07:14] c4 is the strong threat.} Kh8 21. Bc1 {[%emt 0:07:11] Hoping for Rxd8.} (21. Rxc7 $6 Be2 $16) 21... Rxd1 22. Bxd1 Ng5 23. Nh2 {[%emt 0:04:02] Inhibits f3.} ({Much less strong is} 23. Rxc7 Re8 24. Rxb7 (24. Bxf4 Ne6 $16) 24... Re1 25. Rb8+ Bf8 $18) 23... Bf6 {[%emt 0:01:22] [#]} 24. Re1 (24. Rxc7 Re8 25. Ng4 Re1+ 26. Kh2 Bd8 27. Rxb7 Rxd1 28. Bxf4 Rd7 29. Rxd7 Bxd7 $16) 24... Rg8 (24... Bc4 $142 25. Bb3 (25. Bxf4 Bxc3 26. bxc3 Rxf4 $16) 25... Bxb3) 25. Ng4 Bd8 26. Bxf4 {[%emt 0:00:37] White is clearly winning.} h5 (26... Nf7 $142 27. Bf3 b6 28. Nxh6 Nxh6 29. Bxh6 Kh7) 27. Be5+ Kh7 28. Bc2+ {[%emt 0:00:04] Black got outplayed after the opening.  Weighted Error Value: White=0.15 (very precise) /Black=0.47} 1-0

[Event "Czech Open-GM 2022"]
[Site "Pardubice"]
[Date "2022.07.23"]
[Round "2.23"]
[White "Jedlicka, Ales"]
[Black "Sorensen, Hampus"]
[Result "0-1"]
[ECO "D38"]
[WhiteElo "2216"]
[BlackElo "2376"]
[Annotator "TA"]
[PlyCount "68"]
[EventDate "2022.07.22"]
[EventType "swiss"]
[EventCountry "CZE"]
[SourceTitle "playchess.com"]
[Source "ChessBase"]
[SourceQuality "1"]
[TimeControl "40/5400+30:1800+30"]

1. d4 Nf6 2. Nf3 d5 3. c4 e6 4. Nc3 Bb4 5. Qa4+ Nc6 6. e3 O-O 7. Bd2 a6 8. Qc2 {[%emt 0:02:23] 8.Qc2 is better than 8.a3. D38: Queen's Gambit Declined: Ragozin Defence (4 Nf3 Bb4).} (8. a3 $14 {was preferrable.} Bxc3 9. Bxc3) 8... Re8 9. a3 Bd6 10. c5 {[%emt 0:15:38] The position is equal.} Bf8 {[%emt 0:00:10] [#]} 11. Bd3 $146 ({Predecessor:} 11. b4 e5 12. dxe5 Nxe5 13. Be2 Nxf3+ 14. Bxf3 d4 15. Nd1 Ng4 16. O-O Ne5 17. Be4 {0-1 (82) Gandrud,V (2330)-Elsness,F (2466) Stavanger 2017}) 11... e5 12. dxe5 Nxe5 13. Nxe5 Rxe5 14. Ne2 Ne4 15. Bxe4 Rxe4 16. b4 c6 17. Bc3 Qg5 18. Ng3 Rc4 19. O-O h5 {[%emt 0:03:34][%cal Bh7h5,Bh5h4][%mdl 32] ...h4 is the strong threat.} 20. Rac1 {[%emt 0:06:20] [#]} (20. f4 $15 Qg4 21. Rf3) 20... h4 $1 $17 21. f4 $2 {[%emt 0:00:31] This move loses the game for White.} (21. Nh1 $17) 21... Qe7 $19 22. Ne2 Qxe3+ 23. Kh1 Bg4 24. Ng1 Qe4 ({Much less strong is} 24... Rxf4 25. Bd2 Rf2 26. Bxe3 $18) 25. Qxe4 Rxe4 26. h3 Bh5 27. Be1 Be7 28. f5 Bf6 29. Nf3 Rae8 30. Bd2 Re2 {[%emt 0:00:54] [#] Strongly threatening ...Bxf3.} 31. Bf4 (31. Rcd1 $142) 31... Ra2 {[%emt 0:02:28] Black is clearly winning.} 32. Rfe1 Rxe1+ 33. Rxe1 Bxf3 34. gxf3 Rxa3 {[%emt 0:00:08] Weighted Error Value: White=0.33/Black=0.07 (flawless)} 0-1